cohdb
Replays
Latest Replays
All Replays
Popular Replays
Top Player Replays
Match Explorer
How It Works
Community
CoH3 Stats
Reddit
Sign in to upload your games and track your stats! →
Sign in with Steam
Match 36184304
Unlisted
Match 36184304
Overview
Messages
Build Orders
End
Construct Infanterie Kompanie
MG 42 Machine Gun Team
Grenadier Squad
Grenadier Squad
Construct Luftwaffe Kompanie
Selects Mechanized Battlegroup
Selects Mechanized Battlegroup
221 Scout Car
221 Scout Car
221 Scout Car
Pioneer Squad
Pioneer Squad
221 Scout Car
221 Scout Car
Selects Raid Package
221 Scout Car
221 Scout Car
221 Scout Car
Bytheorderofren
matrix4x4
你的肥皂掉了
wing
sh94
shoo ed
Spidey
borys771
0
0
Comments
sign in to comment!
No comments posted yet!